 Dungeon Crawl Stone Soup version 0.29-a0-337-g68df138881 (webtiles) character file.

Game seed: 3367799826002619690

417 YayAnonymity the Cutter (level 7, -10/49 HPs)
             Began as a Djinni Gladiator on Apr 16, 2022.
             Killed from afar by Ijyb (35 damage)
             ... with a bolt of acid
             ... on level 4 of the Dungeon.
             The game lasted 00:06:26 (4522 turns).

YayAnonymity the Cutter (Djinni Gladiator)          Turns: 4522, Time: 00:06:27

Health: -10/49     AC:  0    Str: 13    XL:     7   Next: 15%
Gold:   283        EV: 29    Int: 10    God:
                   SH:  0    Dex: 16

rFire   + + .      SeeInvis .   a - +0 rapier
rCold   x . .      Faith    .   (no shield)
rNeg    . . .      Spirit   .   g - +0 leather armour
rPois   ∞          Reflect  .   c - +0 helmet
rElec   .          Harm     .   (no cloak)
rCorr   .          Rampage  .   (no gloves)
Will    .....                   (boots unavailable)
Stlth   +.........              r - amulet of the acrobat
HPRegen 0.16/turn               (no ring)
MPRegen 0.00/turn               (no ring)

@: corroded, acrobatic, flying
A: sickness immunity, fire resistance 2, cold vulnerability 1, float, innate
caster, HP casting, extra vitality 1
a: no special abilities


You were on level 4 of the Dungeon.
You visited 1 branch of the dungeon, and saw 4 of its levels.

You collected 283 gold pieces.

Inventory:

Hand Weapons
 a - a +0 rapier (weapon)
 b - a +0 hunting sling
Missiles
 d - 3 throwing nets (quivered)
 e - a javelin
 v - 115 stones
Armour
 c - a +0 helmet (worn)
 g - a +0 leather armour (worn)
Jewellery
 r - an amulet of the acrobat (around neck)
 w - a +4 ring of evasion
Wands
 q - a wand of paralysis (11)
 x - a wand of flame (18)
Scrolls
 f - 5 scrolls of identify {unknown}
 j - 3 scrolls of blinking {unknown}
 l - 4 scrolls of teleportation {unknown}
 o - a scroll of amnesia {unknown}
 p - 2 scrolls of fog {unknown}
 s - a scroll of noise {unknown}
 u - a scroll of brand weapon {unknown}
Potions
 h - a potion of attraction {unknown}
 i - 3 potions of curing {unknown}
 k - a potion of haste {unknown}
 m - a potion of might {unknown}
 n - a potion of brilliance {unknown}
 t - a potion of magic {unknown}


   Skills:
 - Level 2.0 Fighting
 * Level 5.4 Short Blades
 - Level 1.5 Throwing
 + Level 5.1 Dodging
 + Level 1.6 Spellcasting


You had 3 spell levels left.
You knew the following spells:

 Your Spells              Type           Power      Damage    Failure   Level
a - Sandblast             Erth           8%         2d5       21%         1
b - Corpse Rot            Necr/Air       8%         N/A       30%         2
c - Lesser Beckoning      Tloc           4%         N/A       52%         3
Your spell library was empty.

Dungeon Overview and Level Annotations

Branches:
Dungeon (4/15)
 Temple: D:4-7

Altars:
Makhleb
Nemelex Xobeh
Yredelemnul

Annotations:
D:4 Edmund, Ijyb


Innate Abilities, Weirdness & Mutations

You are immune to sickness and miasma.
You are immune to poison.
Your flesh is very heat resistant. (rF++)
You are vulnerable to cold. (rC-)
You float through the air rather than walking.
You learn spells naturally, not from books.
Your magical power is your life essence.
You have superior vitality. (+4 MHP)


Message History

You hit the adder.
The adder is almost dead.
The adder bites you but does no damage.
You puncture the adder!
You kill the adder!
You start resting.
Ijyb the Twisted Goblin comes into view.
She is wielding a +0 club, wearing a +0 scale mail of fire resistance and carrying a wand of acid (9).
Ijyb shouts!
Ijyb grins evilly.
You reach down and close the door.
There is an open door here.
There is an open door here.
There is a stone staircase leading up here.
You fly upwards.
There is a stone staircase leading down here.
You start resting.
HP restored.
You fly downwards.
Level annotation: Edmund, Ijyb
There is a stone staircase leading up here.
A hobgoblin comes into view.
Casting: Sandblast (safe; 21% risk of failure)
Confirm with . or Enter, or press ? or * to list all spells.
Aiming: Sandblast (safe; 21% risk of failure)
Press: ? - help, Shift-Dir - straight line, f - Ijyb
Aim: Ijyb, wielding a +0 club, wearing a +0 scale mail of fire resistance and carrying a wand of acid (9) (75% to hit)
The blast of sand misses Ijyb.
v - 116 stones Ijyb zaps a wand.
The bolt of acid hits you!! The acid corrodes you!
Casting: Sandblast (safe; 21% risk of failure)
Confirm with . or Enter, or press ? or * to list all spells.
Aiming: Sandblast (safe; 21% risk of failure)
Press: ? - help, Shift-Dir - straight line, f/p - Ijyb
Aim: Ijyb, wielding a +0 club, wearing a +0 scale mail of fire resistance and carrying a wand of acid (8) (75% to hit)
The blast of sand hits Ijyb but does no damage.
v - 115 stones Ijyb zaps a wand.
The bolt of acid misses you.
Ijyb zaps a wand.
The bolt of acid hits you!!
Ouch! That really hurt!
You die...

........g.+.......#......
..........#.......#......
..........#.......#.....
...##...###'###+#.... ..
#...###.##....####+## .
#........#.g..#.....#
#........'....#.....#
#........#g...#.....#
#........#@...#.....#
#........#..[.'.....#
##########.<..#######
######


You could see Ijyb and a hobgoblin.

Vanquished Creatures
  Sigmund (D:4)
  A phantom (D:4)
  A howler monkey (D:4)
  An orc wizard (D:3)
  A gnoll (D:1)
  5 adders
  A dart slug (D:3)
  2 orcs (D:3)
  4 endoplasms
  2 giant cockroaches
  7 goblins
  3 hobgoblins
  4 jackals (D:1)
  8 kobolds
  6 quokkas
  7 ball pythons
  3 bats
  4 frilled lizards
  10 rats
71 creatures vanquished.

Vanquished Creatures (others)
  A fungus (D:1)
  9 plants (D:2)
10 creatures vanquished.

Grand Total: 81 creatures vanquished

Notes
Turn   | Place    | Note
-------+----------+-------------------------------------------
     0 | D:1      | YayAnonymity the Djinni Gladiator began the quest for the
                  | Orb.
     0 | D:1      | Reached XP level 1. HP: 18/18 MP: 0/0
    36 | D:1      | Reached XP level 2. HP: 23/23 MP: 0/0
   430 | D:1      | Reached XP level 3. HP: 24/28 MP: 0/0
   430 | D:1      | Learned a level 1 spell: Sandblast
   467 | D:1      | Found a faded altar of an unknown god.
  1033 | D:2      | Reached XP level 4. HP: 31/33 MP: 0/0
  1758 | D:3      | Reached XP level 5. HP: 38/38 MP: 0/0
  1758 | D:3      | Learned a level 2 spell: Corpse Rot
  2667 | D:3      | Found a basalt altar of Yredelemnul.
  2674 | D:3      | Found a sparkling altar of Nemelex Xobeh.
  2725 | D:3      | Found a burning altar of Makhleb.
  3261 | D:4      | Noticed Edmund
  3582 | D:4      | Noticed Sigmund
  4020 | D:4      | Killed Sigmund
  4021 | D:4      | Reached skill level 5 in Short Blades
  4021 | D:4      | Reached skill level 1 in Spellcasting
  4021 | D:4      | Reached XP level 6. HP: 28/43 MP: 0/0
  4171 | D:4      | Reached skill level 5 in Dodging
  4237 | D:4      | Reached XP level 7. HP: 4/49 MP: 0/0
  4237 | D:4      | Learned a level 3 spell: Lesser Beckoning
  4279 | D:4      | Noticed Ijyb
  4522 | D:4      | Killed from afar by Ijyb

Illustrated notes

Levels and vault maps discovered:
D:1:      dpeg_arrival_stonehenge_8_columns, layout_basic,
          hellmonk_ecumenical_altar_dog_temple, dreamdust_mushroom_princess
D:2:      layout_rooms, dreamdust_princess_corridor, hex_intersection,
          st_stairs_7, serial_bayou_lake_a
D:3:      layout_basic, minmay_overflow_temple_star_quad
D:4:      gammafunk_cloud_chamber, layout_gridville, fedhas_ov_isle_minmay,
          uniq_pikel, uniq_edmund, uniq_blork_the_orc, uniq_ijyb, uniq_sigmund

Skill      XL: |  1  2  3  4  5  6 |
---------------+-------------------+-----
Short Blades   | 3 4 5 |  5.4
Dodging        | 4 5 |  5.1
Spellcasting   | 1 |  1.6
Fighting       | |  2.0
Throwing       | |  1.5

Action                   |  1- 3 |  4- 6 |  7- 9 || total
-------------------------+-------+-------+-------++-------
Melee: Rapier            |    42 |   144 |     7 ||   193
       Punch             |       |     1 |       ||     1
 Fire: Hunting sling     |    56 |       |       ||    56
 Cast: Sandblast         |       |     9 |     2 ||    11
Armor: Leather armour    |    17 |    40 |     2 ||    59
Dodge: Dodged            |    36 |   108 |     6 ||   150

Table legend: (Time is in decaauts)
 A = Elapsed time spent in this place.
 B = Non-inter-level travel time spent in this place.
 C = Inter-level travel time spent in this place.
 D = Time resting spent in this place.
 E = Time spent auto-exploring this place.
 F = Levels seen in this place.
 G = Mean time per level.
                   A        B        C        D        E       F      G
               +--------+--------+--------+--------+--------+-----+--------+
         Total |   4551 |   4262 |    289 |   1413 |   2162 |   4 | 1137.8 |
       Dungeon |   4551 |   4262 |    289 |   1413 |   2162 |   4 | 1137.8 |
               +--------+--------+--------+--------+--------+-----+--------+

Top non-repeatable levels by time:
     D:3: 2399 daAuts
     D:1: 973 daAuts
     D:2: 778 daAuts
     D:4: 399 daAuts
